 Dungeon Sprint DCSS version 0.32-a0-814-g0968bab981 (webtiles) character file.

Game seed: 15974219276862863937

254 Pestilence the Trooper (level 5, -4/50 HPs)
             Began as a Demigod Fighter on Mar 22, 2024.
             Slain by a troll (11 damage)
             ... in the Dungeon (Sprint IX: "|||||||||||||||||||||||||||||").
             The game lasted 00:01:03 (317 turns).

Pestilence the Trooper (Demigod Fighter)             Turns: 317, Time: 00:01:04

Health: -4/50      AC: 15    Str: 24    XL:     5   Next: 59%
Magic:  7/7        EV:  9    Int: 10    God:
Gold:   0          SH:  5    Dex: 13    Spells: 4/4 levels left

rFire   . . .        m - +2 scimitar (holy)
rCold   . . .        c - +0 buckler
rNeg    . . .        o - +1 chain mail
rPois   .            (no helmet)
rElec   .            a - +0 cloak
rCorr   .            (no gloves)
SInv    .            n - +0 pair of boots
Will    .....        (no amulet) Stlth
                     p - +3 ring of strength
HPRegen 0.28/turn    q - +2 ring of protection
MPRegen 0.10/turn

%: no teleportation
@: mighty
A: high MP 1, forlorn, divine attributes
a: no special abilities


You were in the Dungeon.
You visited 1 branch

Inventory:

Hand Weapons
 m - a +2 scimitar of holy wrath (weapon)
Armour
 a - a +0 cloak (worn)
 c - a +0 buckler (worn)
 n - a +0 pair of boots (worn)
 o - a +1 chain mail (worn)
Jewellery
 p - a +3 ring of strength (left hand)
 q - a +2 ring of protection (right hand)
Wands
 l - a wand of light (10)
Scrolls
 j - 2 scrolls of blinking
 k - 2 scrolls of amnesia
Potions
 e - 5 potions of curing
 f - a potion of invisibility
 g - a potion of haste
 h - 4 potions of magic
 i - a potion of heal wounds


   Skills:
 + Level 5.7 Fighting
 + Level 5.3 Long Blades
 + Level 5.7 Armour
 + Level 4.9 Dodging
 - Level 5.3 Shields


You had 4 spell levels left.
You didn't know any spells.
Your spell library was empty.

Dungeon Overview and Level Annotations

Branches:
Dungeon (1/1)


Innate Abilities, Weirdness & Mutations

You have an increased reservoir of magic. (+10% MP)
You shall have no god before yourself.
Your divine heritage dramatically boosts your attributes as you level up.


Message History

The gnoll sergeant is lightly wounded.
The gnoll sergeant hits you with a +2 spear of flaming!
The gnoll sergeant burns you.
You slash the gnoll sergeant!
The gnoll sergeant is severely wounded.
The gnoll sergeant completely misses you.
You closely miss the gnoll sergeant.
The gnoll sergeant is severely wounded.
The gnoll sergeant hits you with a +2 spear of flaming.
The gnoll sergeant burns you.
You slice the gnoll sergeant!!
You kill the gnoll sergeant!
Your Long Blades skill increases to level 5!
You closely miss the troll. The troll bites you! You block the troll's attack.
The troll misses you. The troll barely misses you. The troll misses you.
The troll barely misses you.
You slash the troll!
The troll is heavily wounded.
The troll bites you but does no damage. The troll claws you.
The troll claws you but does no damage.
You feel much better. The troll closely misses you.
The troll claws you but does no damage. The troll claws you!
You barely miss the troll.
The troll is moderately wounded.
The troll bites you but does no damage. The troll claws you but does no damage.
The troll claws you!
You barely miss the troll.
The troll is moderately wounded.
You block the troll's attack. The troll misses you. The troll claws you!
You slash the troll!
The troll is heavily wounded.
The troll bites you but does no damage. The troll claws you but does no damage.
The troll barely misses you.
You hit the troll.
The troll is severely wounded.
The troll bites you!
* * * LOW HITPOINT WARNING * * *
The troll claws you but does no damage. x2; The troll barely misses you.
The troll claws you but does no damage. The troll claws you!
You die...

▓.▓
▓)▓
▓.▓
▓.▓
▓.▓
▓.▓
▓[▓
▓.▓
▓@▓
▓T▓
▓D▓
▓g▓
▓K▓
▓Y▓
▓.▓
▓+▓


You could see a yak, a troll, an acid dragon, a kobold brigand and a gnoll
sergeant.

Vanquished Creatures
  An ogre (D)
  A black bear (D)
  A gnoll sergeant (D)
  An adder (D)
  2 orcs (D)
  A hobgoblin (D)
  A jackal (D)
  2 bats (D)
  A rat (D)
11 creatures vanquished.

Notes
Turn   | Place    | Note
-------+----------+-------------------------------------------
     0 | D        | Pestilence the Demigod Fighter began the quest for the Orb.
     0 | D        | Reached XP level 1. HP: 18/18 MP: 3/3
    16 | D        | Reached skill level 1 in Dodging
   127 | D        | Noticed an ogre
   127 | D        | Noticed a black bear
   133 | D        | Killed an ogre
   134 | D        | Reached XP level 2. HP: 28/28 MP: 4/4
   134 | D        | Reached XP level 3. HP: 34/34 MP: 5/5
   134 | D        | Reached XP level 4. HP: 41/41 MP: 6/6
   145 | D        | Killed a black bear
   146 | D        | Reached skill level 5 in Fighting
   146 | D        | Reached skill level 5 in Armour
   146 | D        | Reached skill level 5 in Shields
   146 | D        | Reached XP level 5. HP: 35/48 MP: 7/7
   303 | D        | Noticed a troll
   303 | D        | Noticed an acid dragon
   303 | D        | Noticed a yak
   311 | D        | Reached skill level 5 in Long Blades
   317 | D        | Slain by a troll

Illustrated notes

Levels and vault maps discovered:
D:        linesprint [early_d, line_temple, items_1, d_10, items_2, lair_1,
          lair_end, items_3, orc_1, orc_end, items_4, d_15, swamp_1, shoals_1,
          snake_1, spider_1, d_20, vaults_1, items_5, swamp_end, shoals_end,
          snake_end, spider_end, vaults_end, d_27, items_6, zot_1, zot_end,
          crypt_end, forest_end, elf_end, slime_end, tomb_end, abyss_end,
          pan_hell_end]

Skill      XL: |  1  2  3  4  5 |
---------------+----------------+-----
Long Blades    | 3 4 5 |  5.3
Fighting       | 4 5 |  5.7
Armour         | 4 5 |  5.7
Dodging        | 3 4 |  4.9
Shields        | 4 5 |  5.3

Action                     |  1- 3 |  4- 6 || total
---------------------------+-------+-------++-------
  Melee: Long sword        |    22 |    15 ||    37
         Scimitar          |       |    11 ||    11
    Use: Potion            |     1 |     3 ||     4
 Armour: Scale mail        |    16 |    26 ||    42
         Chain mail        |       |    23 ||    23
  Dodge: Dodged            |     9 |    24 ||    33
  Block: Buckler           |     4 |     9 ||    13

Table legend: (Time is in decaauts)
 A = Elapsed time spent in this place.
 B = Non-inter-level travel time spent in this place.
 C = Inter-level travel time spent in this place.
 D = Time resting spent in this place.
 E = Time spent auto-exploring this place.
 F = Levels seen in this place.
 G = Mean time per level.
                   A        B        C        D        E       F      G
               +--------+--------+--------+--------+--------+-----+--------+
         Total |    336 |    336 |      0 |    178 |      0 |   1 |  336.0 |
       Dungeon |    336 |    336 |      0 |    178 |      0 |   1 |  336.0 |
               +--------+--------+--------+--------+--------+-----+--------+

Top non-repeatable levels by time:
       D: 336 daAuts
